 Dungeon Crawl Stone Soup version 0.30.0-15-g856e2d3f33 (webtiles) character file.

Game seed: 4156674042050005974

16883 meatpath the Fighter (level 12, -25/84 HPs)
             Began as a Gargoyle Fighter on May 18, 2023.
             Was a Priest of the Shining One.
             Annihilated by a very large slime creature (48 damage)
             ... on level 11 of the Dungeon.
             The game lasted 00:27:16 (12429 turns).

meatpath the Fighter (Gargoyle Fighter)            Turns: 12429, Time: 00:27:16

Health: -25/84     AC: 29    Str: 30    XL:     12   Next: 42%
Magic:  12/12      EV:  9    Int: 14    God:    the Shining One [***...]
Gold:   946        SH: 10    Dex:  9    Spells: 11/11 levels left

rFire   + . .        A - +8 hammer "Hiryhan" {heavy, Will++ Int+4}
rCold   . . .        c - +0 buckler
rNeg    + + .        S - +0 plate armour {Will+}
rPois   ∞            l - +2 hat
rElec   +            f - +0 cloak
rCorr   .            g - +0 pair of gloves
SInv    .            k - +0 pair of boots
Will    +++..        n - amulet of reflection Stlth
                     L - ring of protection from fire
HPRegen 0.34/turn    N - +6 ring of strength
MPRegen 0.13/turn

%: reflection
@: glowing
A: sickness immunity, AC +8, negative energy resistance 1, electricity
resistance, torment resistance 1, petrification resistance
a: Renounce Religion, Divine Shield, Cleansing Flame


You were on level 11 of the Dungeon.
You worshipped the Shining One.
The Shining One was most pleased with you.
You visited 2 branches of the dungeon, and saw 13 of its levels.

You collected 1534 gold pieces.
You spent 588 gold pieces at shops.

Inventory:

Hand Weapons
 a - a +0 flail
 A - the +8 hammer "Hiryhan" (weapon) {heavy, Will++ Int+4}
   (You found it on level 4 of the Dungeon)

   Int:       It affects your intelligence (+4).
   Will:      It greatly increases your willpower.
Missiles
 y - 2 throwing nets (quivered)
Armour
 c - a +0 buckler (worn)
 f - a +0 cloak (worn)
 g - a +0 pair of gloves (worn)
 k - a +0 pair of boots (worn)
 l - a +2 hat (worn)
 R - +0 acid dragon scales
 S - a +0 plate armour of willpower (worn)
Jewellery
 n - an amulet of reflection (around neck)
 u - a ring of fire
 w - the ring of Zubadaem {Fly rC+ SInv}
   (You found it on level 9 of the Dungeon)

   [ring of see invisible]

   rC:        It protects you from cold.
   SInv:      It lets you see invisible.
   Fly:       It grants you flight.
 L - a ring of protection from fire (left hand)
 N - a +6 ring of strength (right hand)
Wands
 h - a wand of quicksilver (3)
 C - a wand of roots (30)
 G - a wand of charming (9)
 K - a wand of digging (6)
 O - a wand of polymorph (3)
Scrolls
 b - a scroll of summoning
 j - 2 scrolls of fog
 p - 4 scrolls of amnesia
 q - 5 scrolls of teleportation
 r - 2 scrolls of noise
 v - 4 scrolls of blinking
 D - 2 scrolls of enchant weapon
 F - 2 scrolls of immolation
Potions
 d - 3 potions of ambrosia {unknown}
 e - 3 potions of magic {unknown}
 i - 2 potions of attraction {unknown}
 m - a potion of degeneration {unknown}
 o - 2 potions of curing {unknown}
 s - 8 potions of heal wounds
 t - 7 potions of brilliance {unknown}
 x - 4 potions of flight {unknown}
 B - a potion of invisibility {unknown}
 H - a potion of mutation {unknown}
 I - a potion of berserk rage {unknown}
 J - a potion of resistance {unknown}
 Q - a potion of haste {unknown}


   Skills:
 + Level 13.0 Fighting
 + Level 11.8 Maces & Flails
 - Level 9.1 Armour
 - Level 5.3 Dodging
 - Level 7.0 Shields
 + Level 1.1 Invocations


You had 11 spell levels left.
You didn't know any spells.
Your spell library contained the following spells:

 Spells                   Type           Power      Damage    Failure   Level
 Shock                    Conj/Air       0%         1d3       94%         1
 Sting                    Tmut/Pois      0%         1d3       94%         1
 Poisonous Vapours        Pois/Air       0%         N/A       98%         2
 Dazzling Flash           Conj/Hex       0%         N/A       100%        3
 Ozocubu's Armour         Ice            0%         N/A       100%        3
 Swiftness                Air            0%         N/A       100%        3
 Volatile Blastmotes      Fire/Tloc      0%         2d10      100%        3
 Airstrike                Air            0%         2d(0-16)  100%        4
 Iskenderun's Mystic Bla  Conj/Tloc      0%         2d3       100%        4
 Leda's Liquefaction      Hex/Erth       0%         N/A       100%        4
 Olgreb's Toxic Radiance  Pois           0%         N/A       100%        4
 Summon Ice Beast         Ice/Summ       0%         N/A       100%        4
 Agony                    Necr           0%         N/A       100%        5
 Lee's Rapid Deconstruct  Erth           0%         3d4*      100%        5
 Metabolic Englaciation   Hex/Ice        0%         N/A       100%        5
 Silence                  Hex/Air        0%         N/A       100%        5
 Summon Mana Viper        Hex/Summ       0%         N/A       100%        5
 Simulacrum               Ice/Necr       0%         N/A       100%        6
 Starburst                Conj/Fire      0%         6d3       100%        6
 Monstrous Menagerie      Summ           0%         N/A       100%        7
 Statue Form              Tmut/Erth      Unusable   N/A       N/A         6

Dungeon Overview and Level Annotations

Branches:
Dungeon (12/15)            Temple (1/1) D:6            Lair (0/5) D:10
    Orc (0/2) D:9

Altars:
Ashenzari
Cheibriados
Dithmenos
Elyvilon
Fedhas
Gozag
Hepliaklqana
Kikubaaqudgha
Makhleb
Nemelex Xobeh
Okawaru
Qazlal
Ru
Sif Muna
Trog
Uskayaw
Vehumet
Wu Jian
Xom
Yredelemnul
Zin
The Shining One

Shops:
D:6 *   D:8 (

Annotations:
D:1 2 transporters


Innate Abilities, Weirdness & Mutations

You are immune to sickness and miasma.
Your stone body is resilient. (AC +8)
You are immune to poison.
You resist negative energy. (rN+)
You are resistant to electric shocks. (rElec)
You are resistant to unholy torment.
You are immune to petrification.


Message History

Your Invocations skill increases to level 1!
Unknown command.
No target in view!
Unknown command.
No target in view!
You see here a vampire mosquito corpse.
There is a dry fountain here.
You open the door. 3 slime creatures come into view.
The slime creature quivers. x3
Two slime creatures merge to form a large slime creature.
Found an escape hatch in the ceiling.
You sock the slime creature!
The slime creature is lightly wounded.
Two slime creatures merge to form a very large slime creature.
You sock the very large slime creature!
The very large slime creature is lightly wounded.
The very large slime creature closely misses you.
The very large slime creature attacks as you move away!
The very large slime creature hits you but does no damage.
There is a dry fountain here.
The very large slime creature attacks as you move away!
The very large slime creature hits you!!!
Ouch! That really hurt!
There is a stone staircase leading up here.
The very large slime creature hits you!!
* * * LOW HITPOINT WARNING * * *
You climb upwards.
There is a stone staircase leading down here.
Things that are here:
a ring of fire; the amulet of the Lotus Blossom {rN+ Regen+ rCorr MP+9 Slay-4} The very large slime creature attacks as you move away!
The very large slime creature hits you!!!
The Shining One protects you from harm!
The very large slime creature attacks as you move away!
You block the very large slime creature's attack.
The very large slime creature attacks as you move away!
The very large slime creature hits you!!!
Ouch! That really hurt!
You die...

#....#......#....................
#...........#....................
#)).........#......(.............
#...........#....................
#.........(.#....................
#...........#....................
#)).........#....................
#...........#...J................
'...........#...@................
#...........#....................
#.....#######....................
..................P..P...........
......................)..........
................P......P.........
..<..............................
.................................
#####..#######..P......P..#######


You could see a very large slime creature.

Vanquished Creatures
  Erolcha (D:9)
  A centaur warrior (D:11)
  3 two-headed ogres
  5 skeletal warriors
  Pikel (D:7)
  An ugly thing (D:11)
  A gargoyle (D:9)
  A tengu conjurer (D:9)
  4 trolls
  2 hornets (D:8)
  Sigmund (D:2)
  2 slime creatures
  4 wyverns
  7 yaks
  Eustachio (D:4)
  A wraith (D:11)
  4 vampire mosquitoes (D:12)
  2 basilisks (D:10)
  A warg (D:9)
  A water moccasin (D:10)
  2 acid dragons
  Duvessa (D:7)
  An ice beast (D:5)
  8 orc warriors
  3 centaurs
  4 kobold brigands
  2 phantoms
  5 bullfrogs (D:8)
  2 gnoll sergeants
  3 scorpions
  12 wights
  Dowan (D:7)
  20 killer bees
  2 howler monkeys (D:9)
  5 electric eels (D:10)
  2 orc priests
  Crazy Yiuf (D:4)
  3 iguanas
  4 hounds
  4 jellies
  A gnoll bouda (D:10)
  13 orc wizards
  7 adders
  13 gnolls
  2 shadow imps
  A white imp (D:5)
  2 worms
  3 dart slugs
  39 orcs
  4 ball pythons
  5 bats
  9 endoplasms
  4 giant cockroaches
  6 goblins
  6 hobgoblins
  8 jackals
  8 quokkas
  3 frilled lizards
  24 kobolds
  3 rats
290 creatures vanquished.

Vanquished Creatures (others)
  3 orcs
3 creatures vanquished.

Grand Total: 293 creatures vanquished

Notes
Turn   | Place    | Note
-------+----------+-------------------------------------------
     0 | D:1      | meatpath the Gargoyle Fighter began the quest for the Orb.
     0 | D:1      | Reached XP level 1. HP: 14/14 MP: 1/1
   183 | D:1      | Reached XP level 2. HP: 19/19 MP: 2/2
   523 | D:1      | Reached XP level 3. HP: 24/24 MP: 3/3
  1216 | D:2      | Noticed Sigmund
  1235 | D:2      | Killed Sigmund
  1236 | D:2      | Reached skill level 4 in Fighting
  1236 | D:2      | Reached XP level 4. HP: 30/30 MP: 4/4
  1236 | D:2      | Reached XP level 5. HP: 34/34 MP: 5/5
  1730 | D:2      | Reached XP level 6. HP: 40/40 MP: 6/6
  1869 | D:3      | Found a shimmering blue altar of Sif Muna.
  1885 | D:3      | Found an opulent altar of Gozag.
  1902 | D:3      | Reached skill level 5 in Shields
  2014 | D:3      | Reached skill level 5 in Fighting
  2524 | D:4      | Reached XP level 7. HP: 25/44 MP: 7/7
  2657 | D:4      | Found a glowing silver altar of Zin.
  2940 | D:4      | Identified the amulet of the Lotus Blossom {rN+ Regen+
                  | rCorr MP+9 Slay-4}
  3252 | D:4      | Found a runed translucent door.
  3253 | D:4      | Noticed Crazy Yiuf
  3255 | D:4      | Identified the +8 hammer "Hiryhan" {heavy, Will++ Int+4}
  3261 | D:4      | Killed Crazy Yiuf
  3262 | D:4      | Reached skill level 6 in Fighting
  3262 | D:4      | Reached skill level 5 in Maces & Flails
  3406 | D:4      | Noticed Eustachio
  3424 | D:4      | Killed Eustachio
  3510 | D:5      | Entered Level 5 of the Dungeon
  3519 | D:5      | Reached XP level 8. HP: 46/52 MP: 8/8
  4211 | D:6      | Found a staircase to the Ecumenical Temple.
  4217 | Temple   | Entered the Ecumenical Temple
  4366 | D:6      | Found a glowing golden altar of the Shining One.
  4374 | D:6      | Became a worshipper of the Shining One
  4381 | D:6      | Identified the +4 ring mail of Caustic Fun {Rampage rElec
                  | Int+3 Dex-5 Slay+2}
  4444 | D:6      | Reached skill level 7 in Fighting
  4576 | D:6      | Found an ornate altar of the Wu Jian Council.
  4654 | D:6      | Found a sparkling altar of Nemelex Xobeh.
  4738 | D:6      | Reached skill level 1 in Dodging
  4847 | D:6      | Found Vech's Assorted Antiques.
  4857 | D:6      | Bought a scroll of identify for 42 gold pieces
  5090 | D:6      | You fall into a shaft and drop 2 floors!
  5396 | D:7      | Noticed Pikel
  5407 | D:7      | Killed Pikel
  5408 | D:7      | Reached skill level 8 in Fighting
  5408 | D:7      | Reached XP level 9. HP: 53/59 MP: 9/9
  5476 | D:7      | Reached * piety under the Shining One
  5598 | D:7      | Found a hazy altar of Hepliaklqana.
  5601 | D:7      | Found a shadowy altar of Dithmenos.
  5732 | D:7      | Noticed Duvessa
  5732 | D:7      | Noticed Dowan
  5740 | D:7      | Killed Duvessa
  5742 | D:7      | Killed Dowan
  6346 | D:8      | Reached skill level 9 in Fighting
  6355 | D:8      | Noticed a hornet
  6361 | D:8      | Killed a hornet
  6380 | D:8      | Reached XP level 10. HP: 66/66 MP: 10/10
  6623 | D:8      | Reached skill level 5 in Dodging
  6752 | D:8      | Found Ynoong's Weapon Shoppe.
  7587 | D:9      | Reached skill level 10 in Fighting
  7917 | D:9      | Reached skill level 5 in Armour
  8016 | D:9      | Reached ** piety under the Shining One
  8323 | D:9      | Reached XP level 11. HP: 73/73 MP: 11/11
  8357 | D:9      | Noticed Erolcha
  8401 | D:9      | Reached skill level 11 in Fighting
  8406 | D:9      | Killed Erolcha
  8407 | D:9      | Reached skill level 10 in Maces & Flails
  8427 | D:9      | Found a staircase to the Orcish Mines.
  8695 | D:9      | Identified the ring of Zubadaem {Fly rC+ SInv}
  8901 | D:6      | Bought a runed plate armour for 546 gold pieces
  9008 | D:9      | Identified a scroll of acquirement
  9009 | D:9      | Acquired 712 gold pieces
  9013 | D:10     | Entered Level 10 of the Dungeon
  9064 | D:10     | Noticed a two-headed ogre
  9293 | D:10     | Killed a two-headed ogre
  9662 | D:10     | Noticed a two-headed ogre
  9692 | D:10     | Killed a two-headed ogre
  9812 | D:10     | Found a staircase to the Lair.
  9824 | D:10     | Reached skill level 12 in Fighting
 10763 | D:11     | Noticed a red ugly thing
 10768 | D:11     | Killed a red ugly thing
 10969 | D:11     | Noticed a centaur warrior
 10974 | D:11     | Killed a centaur warrior
 11065 | D:11     | Reached XP level 12. HP: 69/82 MP: 12/12
 11167 | D:11     | Noticed a two-headed ogre
 11169 | D:11     | Killed a two-headed ogre
 11979 | D:11     | Reached skill level 13 in Fighting
 12383 | D:12     | Reached *** piety under the Shining One
 12392 | D:12     | Reached skill level 1 in Invocations
 12424 | D:11     | The Shining One protects you from harm!
 12429 | D:11     | Annihilated by a very large slime creature

Illustrated notes

Levels and vault maps discovered:
D:1:      spicycebolla_arrival_transporter_tutorial, layout_basic,
          serial_bayou_pond_d, hex_tiny
D:2:      layout_loops_ring, uniq_sigmund
D:3:      layout_rooms, mainiacjoe_overflow_concentric_impassable,
          amcnicky_altar_gilded, wad_orctagon
D:4:      layout_cave_pools, zin_scriptorium, corner_web_ring, uniq_eustachio,
          uniq_crazy_yiuf_cottage
D:5:      layout_basic, nicolae_hexahallways
D:6:      layout_basic, lemuel_crystal_altar, nicolae_overflow_crystal_walls,
          mainiacjoe_overflow_tiny_flanked, minmay_temple_entry_waves,
          serial_shops, nicolae_shop_stone
D:7:      layout_loops_corners, riverfiend_overflow_shadow_ancestor, uniq_pikel,
          uniq_duvessa
D:8:      layout_basic, serial_shops, nicolae_shop_pleasant_corner_grove,
          st_stairs_12, minmay_microvault
D:9:      minmay_diamond_stairs, layout_long_grid, erik_orc_3, uniq_erolcha
D:10:     layout_basic, minmay_lair_entry_grove
D:11:     layout_grid_maze, minmay_misc_feat_plants
D:12:     layout_roguey, grunt_decor_fettered, grunt_ministairs_4, hive_lemuel
Temple:   nicolae_temple_two_arcs

Skill      XL: |  1  2  3  4  5  6  7  8  9 10 11 12 |
---------------+-------------------------------------+-----
Fighting       | 4 5 6 8 9 10 12 13 | 13.0
Maces & Flails | 3 4 5 7 8 9 11 | 11.8
Shields        | 4 5 6 7 |  7.0
Dodging        | 2 4 5 |  5.3
Armour         | 5 8 9 |  9.1
Invocations    | 1 |  1.1

Action                     |  1- 3 |  4- 6 |  7- 9 | 10-12 || total
---------------------------+-------+-------+-------+-------++-------
  Melee: Flail             |   105 |   136 |   102 |       ||   343
         Mace              |       |       |   158 |   345 ||   503
    Use: Potion            |     1 |       |       |     1 ||     2
         Scroll            |       |     1 |     4 |     9 ||    14
 Armour: Scale mail        |    49 |    64 |   168 |    85 ||   366
         Plate armour      |       |       |       |    83 ||    83
         Acid dragon scale |       |       |       |    26 ||    26
  Dodge: Dodged            |    56 |    50 |   109 |   182 ||   397
  Block: Buckler           |    33 |    72 |   149 |   241 ||   495
         Reflection        |       |     1 |     7 |    14 ||    22
